Cogmind - Beta 14 @@@ ROGUE MODE // 2024.12.07 @ 20:23:47 Player: Sirracha Result: Destroyed by S-10 Pest with Light Assault Rifle Performance ------------- Evolutions (1) 500 Regions Visited (3) 600 Robots Destroyed (72) 360 Value Destroyed (1744) 1744 Prototype IDs (0) 0 Alien Tech Used (0) 0 Bonus (134) 134 TOTAL SCORE: 3338 Bonus ------- High Alert Combat Kills 134 Cogmind --------- Core Integrity 0/400 Matter 300/300 Energy 12/100 System Corruption 0% Temperature Cool (60) Movement Walking (120) Location -9/Materials Parts ------- > --- POWER (1) -------- (None) > --- PROPULSION (4) --- Aluminum Leg Aluminum Leg Aluminum Leg > --- UTILITY (2) ------ Improved Heat Sink Large Storage Unit > --- WEAPON (2) ------- Beam Rifle Field Laser > --- INVENTORY (15) --- Ion Engine Heavy Ion Engine Light Nuclear Core Aluminum Leg Heat Sink Weight Redist. System Machine Analyzer Signal Interpreter Improved Terrain Scan Processor Advanced Targeting Computer Heavy Armor Plating Field Laser Heavy Assault Rifle Missile Launcher Peak State ------------ > --- POWER ------------ Improved Ion Engine > --- PROPULSION ------- Aluminum Leg Aluminum Leg Aluminum Leg Aluminum Leg > --- UTILITY ---------- Improved Heat Sink Large Storage Unit > --- WEAPON ----------- Field Laser Field Laser > --- INVENTORY -------- Light Nuclear Core Aluminum Leg Aluminum Leg Heat Sink Weight Redist. System Weight Redist. System Machine Analyzer Signal Interpreter Improved Terrain Scan Processor Advanced Targeting Computer Heavy Armor Plating Beam Rifle Heavy Assault Rifle Missile Launcher [Rating: 19] Favorites ----------- Power Improved Ion Engine Engine Improved Ion Engine Power Core Light Nuclear Core Propulsion Aluminum Leg Treads Light Treads Leg Aluminum Leg Utility Improved Heat Sink Device Improved Heat Sink Storage Small Storage Unit Weapon Particle Gun Energy Gun Particle Gun Ballistic Gun Heavy Assault Rifle Launcher Grenade Launcher Build | -11 -10 -10 -9 ------- Run | Yrd Mat Min Mat Slots Evolved 2 | . . . 2 Power . | . . . . Propulsion 2 | . . . 2 Utility . | . . . . Weapon . | . . . . Parts Attached 55 | 8 4 11 32 Power 5 | 1 . 2 2 Engine 3 | 1 . . 2 Core 2 | . . 2 . Reactor . | . . . . Propulsion 27 | 4 . 4 19 Treads 2 | 2 . . . Leg 25 | 2 . 4 19 Wheel . | . . . . Hover . | . . . . Flight . | . . . . Utility 8 | 1 2 1 4 Device 5 | . 2 1 2 Storage 3 | 1 . . 2 Processor . | . . . . Hackware . | . . . . Protection . | . . . . Artifact . | . . . . Weapon 15 | 2 2 4 7 Energy Gun 9 | 2 . 2 5 Energy Cannon . | . . . . Ballistic Gun 4 | . . 2 2 Ballistic Cannon . | . . . . Launcher 2 | . 2 . . Special Weapon . | . . . . Impact Weapon . | . . . . Slashing Weapon . | . . . . Piercing Weapon . | . . . . Special Melee Weapon . | . . . . Unidentified Prototypes . | . . . . Parts Lost 16 | . 4 1 11 Power 3 | . 1 . 2 Propulsion 7 | . 1 . 6 Utility 1 | . . 1 . Weapon 5 | . 2 . 3 Highest Loss Streak 4 | . 2 1 4 To Critical Strikes . | . . . . Average Slot Usage (%) 94 | . 85 93 96 Engine 6 | . 9 . 7 Core 3 | . . 11 3 Leg 35 | . 22 26 41 Device 10 | . 10 11 10 Storage 11 | . 14 14 11 Energy Gun 15 | . 17 19 14 Ballistic Gun 5 | . . 8 7 Launcher 1 | . 9 . . Peak Build Rating 19 | 6 7 14 19 Average Rating 13 | 4 5 11 16 On Entrance 6 | . 6 5 14 Naked Turns . | . . . . Heaviest Build 34 | 12 14 17 34 Greatest Support 40 | 40 20 20 40 Greatest Overweight (x) 1 | . 1 . 1 Average Overweight (x) . | . . . . Largest Inventory Capacity 15 | 8 8 8 15 Average Capacity 9 | 6 8 8 11 Most Carried 15 | 4 8 8 15 Average Carried 9 | 1 7 7 10 Final Capacity 15 | 8 8 8 15 Final Carried 15 | 4 8 8 15 Class Distribution -------------------- 75% | Scavenger-Mutant 24% | Mutant Dominant Class ---------------- Mutant | -10/Materials Scavenger-Mutant | -10/Mines Scavenger-Mutant | -9/Materials Resources | -11 -10 -10 -9 ----------- Run | Yrd Mat Min Mat Matter Collected 1180 | 228 192 165 595 Remotely . | . . . . Salvage Created 2253 | . 305 388 1560 Parts 146 | . 29 19 98 Haulers Intercepted 3 | . 1 . 2 Recyclers Shooed 3 | . . . 3 Parts Field Recycled . | . . . . Retrieved Matter . | . . . . Parts Self-Destructed . | . . . . Prevented . | . . . . Kills | -11 -10 -10 -9 ------- Run | Yrd Mat Min Mat Combat Hostiles Destroyed 51 | . 10 5 36 Guns 46 | . 5 5 36 AOE 4 | . 4 . . Classes Destroyed 10 | . 6 1 3 Worker 4 | . 2 . 2 Builder 1 | . 1 . . Hauler 3 | . 1 . 2 Recycler 4 | . . 3 1 Mechanic 1 | . . . 1 Operator 1 | . . . 1 Watcher 7 | . 2 . 5 Swarmer 16 | . 6 1 9 Grunt 26 | . 4 4 18 Sentry 9 | . . . 9 Best Kill Streak 6 | . 6 2 6 Combat Bots Only 6 | . 5 2 6 Max Kills in Single Turn 2 | . 2 1 2 Gunslinging 1 | . 1 . 1 Exploded 1 | . 1 . . Melee . | . . . . Uniques/NPCs Destroyed . | . . . . Combat | -11 -10 -10 -9 -------- Run | Yrd Mat Min Mat Hostile Shots Fired 320 | . 39 36 245 Missed 94 | . 13 7 74 Damage Taken 2904 | . 415 371 2118 Core 511 | . 53 52 406 Absorbed by Shields . | . . . . Regen/Repaired (Parts) 25 | . . . 25 Core Remaining (%) 79 | 100 . 58 . Volleys Fired 193 | . 29 27 137 Largest 2 | . 2 2 2 Hottest 130 | . 80 130 130 Shots Fired 373 | . 54 54 265 Gun 362 | . 43 54 265 Cannon . | . . . . Launcher 11 | . 11 . . Special . | . . . . Kinetic 123 | . . 32 91 Thermal 196 | . . 22 174 Explosive 11 | . 11 . . Electromagnetic 43 | . 43 . . Robot Hit Streak 20 | . 9 8 20 Robot Miss Streak 8 | . 5 2 8 Penetration Max . | . . . . Secondary Targets 7 | . 1 . 6 Max Gunslinging Chain 1 | . 1 . 1 Shots Hit Robots 235 | . 29 35 171 Core Hits 151 | . 20 18 113 Critical Kills . | . . . . Critical Parts Destroyed 1 | . . 1 . Critical Strikes 3 | . 1 1 1 Burn 1 | . . . 1 Destroy 1 | . . 1 . Corrupt 1 | . 1 . . Melee Attacks . | . . . . Impact . | . . . . Slashing . | . . . . Piercing . | . . . . Sneak Attacks . | . . . . Combat Hostiles . | . . . . Follow-up Attacks . | . . . . Damage Inflicted 3919 | . 932 399 2588 Guns 3265 | . 319 399 2547 Cannons . | . . . . Explosions 613 | . 613 . . Melee . | . . . . Ramming 41 | . . . 41 Kinetic 1097 | . . 207 890 Thermal 1922 | . 73 192 1657 Explosive 540 | . 540 . . Electromagnetic 319 | . 319 . . Impact . | . . . . Slashing . | . . . . Piercing . | . . . . Highest Corruption . | . . . . Average Corruption . | . . . . Corruption Purged . | . . . . Corruption Blocked . | . . . . Overload Shots . | . . . . Overflow Damage 69 | . 69 . . Projectiles . | . . . . Explosions 69 | . 69 . . Melee . | . . . . Knockbacks . | . . . . Impact . | . . . . Kinetic . | . . . . Secondary . | . . . . Self-Inflicted Damage 163 | . 163 . . Shots 4 | . 4 . . Rammed . | . . . . Targets Rammed 5 | . . . 5 Kicked 5 | . . . 5 Crushed . | . . . . Highest Temperature 234 | . 234 162 181 Average Temperature 54 | . 78 48 42 Received Heat Transfer 1173 | . 96 195 882 Siege Activations . | . . . . Robots Corrupted 1 | . 1 . . Combat Hostiles 1 | . 1 . . Parts Fried 2 | . 2 . . Impact Corruptions . | . . . . Robots Melted . | . . . . Combat Hostiles . | . . . . Parts Melted 9 | . . . 9 Heat Transferred 3857 | . 100 481 3276 Parts Sabotaged . | . . . . Parts Stolen . | . . . . Parts Stripped . | . . . . Power Chain Reactions 2 | . 2 . . Alert | -11 -10 -10 -9 ------- Run | Yrd Mat Min Mat Peak Influence 821 | . 256 255 821 Initial 99 | . . 75 99 Average 292 | . 152 165 368 Maximum Alert Level 3 | . 1 1 3 Low Security (%) 47 | 100 66 97 30 Level 1 23 | . 33 2 25 Level 2 23 | . . . 34 Level 3 6 | . . . 9 Level 4 . | . . . . Level 5 . | . . . . High Security . | . . . . Max Security . | . . . . Squads Dispatched 7 | . 2 . 5 Investigation 1 | . . . 1 Extermination . | . . . . Reinforcement 4 | . 2 . 2 Assault 2 | . . . 2 Garrison . | . . . . Intercept . | . . . . Searches Triggered . | . . . . Construction Impeded . | . . . . Haulers Reinforced . | . . . . Active Scanning Responses . | . . . . Cargo Convoy Interrupts . | . . . . Stealth | -11 -10 -10 -9 --------- Run | Yrd Mat Min Mat Distress Signals 3 | . 1 . 2 Communications Jammed . | . . . . Distress Signals . | . . . . Times Spotted 85 | . 15 6 64 Peak Tracking Total 9 | . 4 3 9 Tactical Retreats 6 | . . 1 5 Traps | -11 -10 -10 -9 ------- Run | Yrd Mat Min Mat Traps Triggered 1 | . . . 1 Indirectly . | . . . . Trap Hack Attempts . | . . . . Triggered . | . . . . Disarmed . | . . . . Reprogrammed . | . . . . Reused . | . . . . Traps Extracted . | . . . . Installed . | . . . . Triggered . | . . . . Machines | -11 -10 -10 -9 ---------- Run | Yrd Mat Min Mat Machines Disabled 5 | . 3 . 2 Max in Single Turn 2 | . 2 . 1 Machines Repaired . | . . . . Machines Dismantled . | . . . . Machines Sabotaged . | . . . . Overloaded Fab Kills . | . . . . Hacking | -11 -10 -10 -9 --------- Run | Yrd Mat Min Mat Machines Accessed 10 | . 2 . 8 Terminals 8 | . 2 . 6 Fabricators . | . . . . Repair Stations 1 | . . . 1 Recycling Units . | . . . . Scanalyzers 1 | . . . 1 Garrison Access . | . . . . Total Hacks 29 | . 3 . 26 Successful 18 | . 2 . 16 Failed 10 | . 1 . 9 Catastrophic 1 | . . . 1 Database Lockouts 1 | . . . 1 Manual . | . . . . Terminals 20 | . 3 . 17 Fabricators . | . . . . Repair Stations 3 | . . . 3 Recycling Units . | . . . . Scanalyzers 6 | . . . 6 Garrison Access . | . . . . Terminal Hacks 10 | . 2 . 8 Record 6 | . . . 6 Locate Traps 3 | . 1 . 2 Registered Components 1 | . 1 . . Fabricator Hacks . | . . . . Repair Station Hacks 2 | . . . 2 Scan Component 1 | . . . 1 Repair 1 | . . . 1 Recycling Unit Hacks . | . . . . Scanalyzer 6 | . . . 6 Insert Component 3 | . . . 3 Analyze 3 | . . . 3 Garrison Access Hacks . | . . . . Unauthorized Hacks . | . . . . Terminals . | . . . . Fabricators . | . . . . Repair Stations . | . . . . Recycling Units . | . . . . Scanalyzers . | . . . . Garrison Access . | . . . . Data Cores Recovered . | . . . . Used . | . . . . Hacking Detections 9 | . 2 . 7 Full Trace Events 1 | . . . 1 Feedback Events . | . . . . Feedback Blocked . | . . . . Robot Schematics Acquired . | . . . . Robots Built . | . . . . Authchips . | . . . . Time . | . . . . Total Robot Build Rating . | . . . . Part Schematics Acquired 3 | . . . 3 Parts Built . | . . . . Authchips . | . . . . Time . | . . . . Total Part Build Rating . | . . . . Parts Repaired 1 | . . . 1 Time 19 | . . . 19 Parts Recycled . | . . . . Recycled Matter . | . . . . Retrieved Matter . | . . . . Retrieved Components . | . . . . Parts Scanalyzed 3 | . . . 3 Part Schematics Acquired 3 | . . . 3 Parts Damaged . | . . . . Bothacking | -11 -10 -10 -9 ------------ Run | Yrd Mat Min Mat Used RIF Installer . | . . . . Robots Hacked . | . . . . Non-combat . | . . . . Combat . | . . . . Robot Hacks Applied . | . . . . Relay Couplers Released . | . . . . Fabnet Peak Effective % . | . . . . Robots Rewired . | . . . . Allies Hacked . | . . . . Hacks Repelled . | . . . . Allies | -11 -10 -10 -9 -------- Run | Yrd Mat Min Mat Total Allies . | . . . . Largest Group . | . . . . Highest-Rated Group . | . . . . Highest-Rated Ally . | . . . . Total Orders . | . . . . Ally Attacks . | . . . . Total Damage . | . . . . Kills . | . . . . Allies Corrupted . | . . . . Allies Melted . | . . . . Intel | -11 -10 -10 -9 ------- Run | Yrd Mat Min Mat Robot Analysis Total . | . . . . Derelict Logs Recovered . | . . . . Drone Launches . | . . . . Drone Recoveries . | . . . . Exploration | -11 -10 -10 -9 ------------- Run | Yrd Mat Min Mat Turns Passed 3155 | 87 602 380 2086 Spaces Moved 1871 | 53 355 230 1233 Core 6 | 6 . . . Treads 24 | 24 . . . Legs 1841 | 23 355 230 1233 Wheels . | . . . . Hover . | . . . . Flight . | . . . . Fastest Speed 50 | 50 120 120 120 Average Speed 124 | 130 140 120 120 Slowest Speed 190 | 160 190 120 190 Overloaded Moves . | . . . . Propulsion Burnouts . | . . . . Robots Hopped . | . . . . Cave-ins Triggered . | . . . . Exploration Rate (%) 44 | 4 60 37 76 Regions Visited 3 Branch Regions 1 Pre-discovered Areas . | . . . . Known Exits Taken . | . . . . Unknown Exits Taken 3 | 1 1 1 . Scrap Searched . | . . . . Spaces Dug . | . . . . Terrain Destroyed 66 | . 66 . . Melee . | . . . . Projectile . | . . . . AOE 66 | . 66 . . Terrain Rammed . | . . . . Walls Destroyed . | . . . . Machines Disabled . | . . . . Actions | -11 -10 -10 -9 --------- Run | Yrd Mat Min Mat Total 2335 | 70 405 283 1577 Wait 113 | . 1 . 112 Move 1868 | 52 354 229 1233 Hop . | . . . . Pick Up 59 | 10 12 7 30 Fast Attach 9 | . . 4 5 Attach 16 | 6 3 . 7 Detach . | . . . . Swap 30 | 2 1 7 20 Drop 42 | . 5 9 28 Fire 193 | . 29 27 137 Melee . | . . . . Ram . | . . . . Kick 5 | . . . 5 Crush . | . . . . Escape Stasis . | . . . . Rewire . | . . . . Trap . | . . . . Miscellaneous . | . . . . Route ------- -11/Scrapyard -10/Materials (discovered 2 exits: *Mat / [*Min]) -10/Mines (discovered 2 exits: *Mat x2) -9/Materials (discovered 1 exit: [*Mat]) History --------- Turn | Location | Event 25 | -11/Scrapyard | Discovered new exit (range 16) 88 | -11/Scrapyard | Entered Materials 162 | -10/Materials | Discovered new exit (range 16) 272 | -10/Materials | Discovered new exit (range 9) 305 | -10/Materials | Build established: Mutant 690 | -10/Materials | Entered Mines 695 | -10/Mines | Discovered new exit (range 10) 1027 | -10/Mines | Discovered new exit (range 15) 1070 | -10/Mines | Entered Materials 1070 | -9/Materials | Evolved 2 slots: Propulsion x2 1092 | -9/Materials | Build established: Scavenger-Mutant 1816 | -9/Materials | Lost 4 parts (1p2n1w) 2232 | -9/Materials | Central database locked down 2317 | -9/Materials | Core integrity fell below 50% 2331 | -9/Materials | Discovered new exit (range 15) 2514 | -9/Materials | Repaired Imp. Heat Sink 3070 | -9/Materials | First assault squad dispatched 3124 | -9/Materials | Core integrity fell below 20% 3156 | -9/Materials | Destroyed by S-10 Pest with Light Assault Rifle Last Messages --------------- 03121_ Switching to secondary target: S-10 Pest. 03122_ K-01 Serf collects debris. 03130_ Lgt. Ion Engine melted. 03130_ S-10 Pest destroyed. 03131_ K-01 Serf collects debris. 03134_ Imp. Ion Engine destroyed. 03134_ K-01 Serf collects debris. 03136_ K-01 Serf suffers critical hit (Burn). 03136_ K-01 Serf destroyed. 03137_ Critical hit (Burn: +37). 03140_ S-10 Pest heat damages Flight Unit. 03144_ Atomic Centrifuge disabled. 03151_ C-30 ARC bursts open, deploying its payload. 03151_ G-47 Trooper unfolds itself. 03151_ G-34 Mercenary unfolds itself. 03151_ M-13 Machinist unfolds itself. 03152_ Aluminum Leg destroyed. 03153_ K-01 Serf collects debris. 03153_ M-13 Machinist repairs Flight Unit. Map ----- +----------------------------------------------------+ | ?# #?????? #???????????????????????????????????? | | ?# #????? #???????????????????????????????????? | | ?# #???? *#???????????????????????????????????? | | ?# ##### %#???????????????????????????????????? | | ## =##??????????????????????????????????? | | # ??????????????????????????????????? | | % "" ?????????????????????????????????? | | # "T ?????????????????????????????????? | | # "" ######??????????????????????????????? | | # # #??????????????????????????????? | | # # #??????????????????????????????? | | # """ # #??????????????????????????????? | | # """ # #??????????????????????????????? | | """ # #??????????????????????????????? | | # # #??????????????????????????????? | | #####% # ########???????????????????????? | | ????# """ ###+### #???????????????????????? | | ????# %""" #???????????????????????? | | ????# """ #???????????????????????? | | ????# #???????????????????????? | | ????# ###+### #???????????????????????? | | ????#%######### ### #########????????????????? | | ????# #?# # #?# # g #????????????????? | | ????# #?# "" # ]#?# k #ms""" #????????????????? | | ##### #?# Y" # !]#?# %ggg "%!#????????????????? | | ##%### "" # #?# #@ " % #????????????????? | | # # ### # g![ #????????????????? | | % + # + #######/#?????????#####??? | | # """ ########+#####??# #???####### !!#??? | | ##+### """ #???# #??#%##### [ ! !#??? | | +### ## """ #???# #??# % % = !!!#??? | | # ## """ #???# #??#######* !!#??? | | """# ## """ #???# #??###???# [ !#??? | | R"#= ## ?????# #?# ??# = !!#??? | | """# ######?????# #?# """??###%#######??? | | # #??????????# +?# """ ???# #????????? | | # #??????????# ### """ ?### ###??????? | | ####+###??????????# #?# # ######## | | ???# #????????????##########?# """ # = | | ???# #???????????????????????# """ + == | | ???# #???????????????????????# """ # = =% | | ???# ########????????????????# # ##### [! | | ???# # #????????????????# [ ?#######??##! | | #??# # "T" [#????????????????#= ??????????#** | | ?# # #????????????????# ???????????#*%* | | " ?# + #???????????????# "T"???????????#=*! | | " # # #???????????????#####????????????# | | " # # #????????????????????????????????# ! | | + ########????????????????????????????????## *% | | # #????????????????????????????????????????# !! | +----------------------------------------------------+ Best States ------------- Heat Dissipation 42 Energy Generation 14 Energy Capacity 265 Matter Stores 300 Matter Capacity 300 Sight Range 16 Terrain Scan Range 14 Terrain Scan Density 10 Evasion (%) 55 Recoil Reduction 2 Item Schematics ----------------- Beam Cannon | -9/Materials | Scanalyzed Lgt. Assault Rifle | -9/Materials | Scanalyzed Signal Interpreter | -9/Materials | Scanalyzed Robot Schematics ------------------ None Fabricated ------------ Nothing Alien Tech Used ----------------- None Achievements -------------- Loot Pinata Challenges ------------ None Game ------ Seed DisposableShadingChainsaw Manual? 0 Play Time 00:46:16 Cumulative 4.7 hours Start 2024.12.07 @ 19:28:58 End 2024.12.07 @ 20:23:47 Sessions 1 Manual Loads 0 Difficulty Rogue Special Mode None Game No. 11 Rogue 6 Adventurer 5 Explorer 0 Win Type - Total 0 Types 0/0/0/0/0/0/0/0/0 Lore% 2 Gallery% 8 Achievement% 10 Wizard Run 0 Options --------- Layout 1 ASCII 0 Keyboard 0 Movement Mouse Keybinds 0 Fullscreen 1 Font 24/Smallcaps Map View 50x35 Zoom Use 0% Tactical HUD 1 Map Filters NONE Filters NONE Steam 1 RUN: 6e9ee002-0884-4d2c-adc1-381528d048a9